Match 35446182
Unlisted

Match 35446182
End
Selects Italian Combined Arms Battlegroup
Selects Bersaglieri Squad
Bersaglieri Squad
Bersaglieri Squad
Construct Light Support Kompanie
2.5-tonne Medical Truck
Selects Bersaglieri Bolster
Bersaglieri Squad
Bersaglieri Squad
Bersaglieri Squad
Selects Breda Model 30 Light Machine Guns
Construct Mechanized Kompanie
Marder III Tank Destroyer
Selects Semovente da 75/18 Assault Gun
Marder III Tank Destroyer
Tungsten Core Ammunition
Selects Strafing Run
Strafing Run
2.5-tonne Medical Truck
Panzerpioneer Squad
Selects Artillery Cover
Strafing Run
Strafing Run
Marder III Tank Destroyer
Marder III Tank Destroyer
Strafing Run
gbcherawi
terry1956
Zlorwf
Field marshal Prince
Hotline Blink
mchughreggie
0
0

Comments sign in to comment!

No comments posted yet!